 Dungeon Crawl Stone Soup version 0.18-a0-1027-g814d7dd (webtiles) character file.

389 4thArraOfDagon the Firebug (level 6, 0/32 HPs)
             Began as a Deep Elf Fire Elementalist on Jan 8, 2016.
             Slain by Grinder (1 damage)
             ... while paralysed by Grinder
             ... on level 6 of the Dungeon.
             The game lasted 00:13:07 (1188 turns).

4thArraOfDagon the Firebug (DEFE)                   Turns: 1188, Time: 00:13:08

Health: 0/32       AC:  3    Str:  5    XL:     6   Next: 50%
Magic:  1/15       EV:  2    Int: 22    God:
Gold:   48         SH:  0    Dex: 20    Spells: 3 memorised, 7 levels left

rFire  + . .     SeeInvis .     e - +4 dagger (holy)
rCold  x . .     Gourm    .     a - +1 robe
rNeg   . . .     Faith    .     (no shield)
rPois  .         Spirit   .     (no helmet)
rElec  .         Dismiss  .     (no cloak)
rCorr  .         Reflect  .     (no gloves)
SustAt .         Harm     .     (no boots)
MR     .....                    (no amulet)
Stlth  +++.......               (no ring)
                                j - ring of fire

@: paralysed, agile, very slightly contaminated, not resistant to hostile
enchantments, fairly stealthy
A: no striking features
a: no special abilities


You were on level 6 of the Dungeon.
You were not hungry.

You visited 1 branch of the dungeon, and saw 7 of its levels.

You collected 48 gold pieces.

Inventory:

Hand Weapons
 e - a +4 dagger of holy wrath (weapon)
Armour
 a - a +1 robe (worn)
Jewellery
 j - a ring of fire (left hand)
Scrolls
 h - 2 scrolls of enchant weapon
 i - a scroll of recharging
Potions
 d - a potion of agility
 g - a potion of heal wounds
Books
 b - a book of Flames

   Spells                             Type                      Level
   a - Flame Tongue                   Conjuration/Fire             1
   b - Throw Flame                    Conjuration/Fire             2
   c - Conjure Flame                  Conjuration/Fire             3
   d - Inner Flame                    Hexes/Fire                   3
   e - Sticky Flame                   Conjuration/Fire             4
   f - Fireball                       Conjuration/Fire             5
Comestibles
 c - 2 bread rations
 f - 2 meat rations
 k - a slice of pizza
 l - a chunk of flesh


   Skills:
 - Level 2.4 Dodging
 - Level 2.4 Stealth
 + Level 5.0 Spellcasting
 * Level 4.7 Conjurations
 * Level 5.5 Fire Magic


You had 7 spell levels left.
You knew the following spells:

 Your Spells              Type           Power        Failure   Level  Hunger
a - Flame Tongue          Conj/Fire      #####        1%          1    None
b - Conjure Flame         Conj/Fire      #####...     4%          3    ##.....
c - Sticky Flame          Conj/Fire      #####...     14%         4    ####...


Dungeon Overview and Level Annotations

Branches:
Dungeon (7/15)             Temple (0/1) D:6

Altars:
Cheibriados

Shops:
D:6 (

Annotations:
D:6 Grinder


Message History

Grinder is lightly wounded.
Grinder is covered in liquid flames!
Grinder burns!
Grinder closely misses you.
Unknown command.
Grinder burns!
Unknown command.
Grinder burns!
Grinder says, "Just stop there for a second..."
Unknown command.
Grinder burns!
Unknown command.
Grinder burns!
Grinder gestures at you.
You suddenly lose the ability to move!
Grinder burns! x2
Grinder stops burning.
Grinder hits you!
* * * LOW HITPOINT WARNING * * *
You writhe in agony.
* * * LOW HITPOINT WARNING * * *
Grinder hits you.
You die...

#.## #.. >8
#.######### .#
##.!....... .#
#...####### ##. #.#.#
###.. #<#.# ...# #.#.#
#.############.#.#
###..§.....5@....#.#
#.#....§...........#.#
#.#.#############.##.#
#.#.# #.# #.#.# #.
#.#.# #.#.## ###.5..##
5...<...#


You could see Grinder.

Vanquished Creatures
  An ogre (D:5)
  A crimson imp (D:5)
  A hound (D:5)
  A jelly (D:5)
  2 orc priests (D:5)
  2 orc wizards (D:5)
  A worker ant (D:6)
  3 adders
  An adder skeleton (D:4)
  3 giant geckos
  3 orcs
  A ball python (D:4)
  A giant cockroach (D:5)
  2 hobgoblins (D:2)
  5 jackals
  A quokka (D:4)
  3 bats (D:2)
  A giant gecko skeleton (D:6)
  A giant newt (D:4)
  3 goblins (D:2)
  A jackal skeleton (D:4)
  3 kobolds
  2 rats
43 creatures vanquished.

Notes
Turn   | Place    | Note
--------------------------------------------------------------
     0 | D:1      | 4thArraOfDagon the Deep Elf Fire Elementalist began the quest for the Orb.
     0 | D:1      | Reached XP level 1. HP: 10/10 MP: 6/6
    38 | D:2      | pedritolo: hi, good luck
   104 | D:2      | Reached XP level 2. HP: 15/15 MP: 2/8
   133 | D:2      | 4thArraOfDagon: hi
   133 | D:2      | 4thArraOfDagon: thx
   183 | D:2      | Found a snail-covered altar of Cheibriados.
   246 | D:2      | Reached XP level 3. HP: 16/19 MP: 1/10
   251 | D:2      | Learned a level 3 spell: Conjure Flame
   317 | D:3      | PIETY FARM
   329 | D:4      | Reached skill level 4 in Fire Magic
   348 | D:4      | pedritolo: oo
   364 | D:4      | 4thArraOfDagon: no worries, i will die to centaur
   396 | D:5      | Entered Level 5 of the Dungeon
   524 | D:5      | 4thArraOfDagon: aggggy
   524 | D:5      | 4thArraOfDagon: lag
   596 | D:6      | Found Izasav's Antique Weapon Boutique.
   600 | D:6      | Noticed an ogre
   645 | D:5      | Noticed a sky beast
   668 | D:5      | Reached XP level 4. HP: 13/24 MP: 4/12
   677 | D:5      | Learned a level 4 spell: Sticky Flame
   716 | D:5      | Noticed an ogre
   726 | D:5      | Killed an ogre
   726 | D:5      | Reached XP level 5. HP: 21/28 MP: 1/13
   761 | D:5      | tabstorm: Have you found one of those MP regen amulets yet?
   790 | D:5      | 4thArraOfDagon: no, what regen amulets
   795 | D:5      | Reached skill level 5 in Fire Magic
   808 | D:5      | tabstorm: In trunk there is now an MP regen amulet
   825 | D:5      | pedritolo: i saw a game yesterday, this ds had the mg regen mutation together with the amulet. he gained smth like 2 mp's per turn
   839 | D:6      | tabstorm: http://s-z.org/neil/git/?p=crawl.git;a=commit;h=47c2ea230e64a32917c8dadf79fff2fceff4c810
   839 | D:6      | tabstorm: but now rcorr is a ring
   839 | D:6      | 4thArraOfDagon: its not possible to gain 2mp per turn iirc
   839 | D:6      | tabstorm: should make invis an amulet instead of just having the ring removed.. and get rid of the harm amulet bc its bad
   839 | D:6      | 4thArraOfDagon: so we are still stuck at 1, so this means nothing to me
   839 | D:6      | pedritolo: if not 2, it was pretty close
   839 | D:6      | 4thArraOfDagon: i would just remove rcorr and leave it on potion tbh
   848 | D:6      | Noticed an orc warrior
   860 | D:6      | tabstorm: 1 resist potion is basically enough for slime yea
   863 | D:6      | Noticed an ice beast
   868 | D:5      | 4thArraOfDagon: yep
   868 | D:5      | Turgon: As I said before, 0.18 should get a different name. Not "dungeon crawl". Maybe "rune search" or whatever.
   868 | D:5      | 4thArraOfDagon: but they would have to remove acid trap vault from zot as well
   872 | D:5      | tabstorm: cant say id miss it..
   913 | D:4      | Turgon: 4thArra, you got the golden rune in last game but failed in V:5?! Surprise...
   935 | D:4      | ofc
   953 | D:5      | 4thArraOfDagon: wait what was that
   953 | D:5      | 4thArraOfDagon: i die so much
   953 | D:5      | Turgon: http://crawl.xtahua.com/crawl/morgue/4thArraOfDagon/morgue-4thArraOfDagon-20160107-180746.txt
   953 | D:5      | 4thArraOfDagon: hobe ahh yes
   953 | D:5      | tabstorm: did trog indirectly get you
   953 | D:5      | 4thArraOfDagon: no
   953 | D:5      | 4thArraOfDagon: it was
   953 | D:5      | 4thArraOfDagon: unexpected dmg
   953 | D:5      | tabstorm: o
   953 | D:5      | 4thArraOfDagon: because my ac was inexistant
   953 | D:5      | 4thArraOfDagon: i had to tank golden dragon armour off -2
   953 | D:5      | 4thArraOfDagon: managed to get to 0
   953 | D:5      | 4thArraOfDagon: lol
   953 | D:5      | tabstorm: How do you not splat in tomb under wrath
   953 | D:5      | tabstorm: i always put it off until last on a Be bc. i dont want to get wrathed at 30hp on the stair
   953 | D:5      | 4thArraOfDagon: tele like maniac
   953 | D:5      | tabstorm: Do you tele on W;3
   953 | D:5      | 4thArraOfDagon: its just the case of getting to loot vault in t:3
   953 | D:5      | 4thArraOfDagon: yea w:3
   953 | D:5      | 4thArraOfDagon: you kill as much as you can at stairs
   953 | D:5      | 4thArraOfDagon: and when trog spawns popcorn
   953 | D:5      | 4thArraOfDagon: you tele
   953 | D:5      | 4thArraOfDagon: because what else you can do
   953 | D:5      | 4thArraOfDagon: :)
   953 | D:5      | Turgon: tabstorm: 4thArra is used to manage situations with 1-digit HPs
   953 | D:5      | tabstorm: hmm'
   953 | D:5      | tabstorm: i gave up on --Be
   953 | D:5      | tabstorm: the wrath is too derailing
   953 | D:5      | 4thArraOfDagon: yea
   953 | D:5      | 4thArraOfDagon: sadly replenishable or infinite sources of tele are must have
   953 | D:5      | 4thArraOfDagon: to deal with it
   953 | D:5      | tabstorm: esp. in like hell 7 where itslike "im almost as the rune"
   953 | D:5      | tabstorm: "oh time for wrath lol"
   953 | D:5      | tabstorm: "lets tele away"
   953 | D:5      | 4thArraOfDagon: yea
   953 | D:5      | tabstorm: "almost there again... TROG SENDS FORCES AT YOU"
   953 | D:5      | tabstorm: fuck
   953 | D:5      | tabstorm: it is so much easier with chei
   953 | D:5      | 4thArraOfDagon: trust me im never confident when i say trog shit all around
   985 | D:5      | Reached XP level 6. HP: 32/32 MP: 12/15
   988 | D:6      | Noticed Grinder
  1037 | D:5      | 4thArraOfDagon: bbl
  1037 | D:5      | 4thArraOfDagon: its too laggy now
  1078 | D:5      | Reached skill level 5 in Spellcasting
  1165 | D:6      | Found a staircase to the Ecumenical Temple.
  1185 | D:6      | Paralysed by Grinder for 6 turns
  1187 | D:6      | HP: 1/32 [Grinder (5)]
  1188 | D:6      | Slain by Grinder

Vault maps used:
D:1:      dpeg_arrival_pits, st_stairs_11
D:2:      cheibriados_altar_1, nemelex_spade_bored_becter,
          uniq_crazy_yiuf_cottage
D:3:      kennysheep_goblin_castle, lemuel_crystal_altar,
          minmay_misc_feat_nine_boxes, uniq_terence, uniq_robin
D:4:      minmay_surrounded, uniq_sigmund
D:5:      first_bread
D:6:      temple_statues, serial_shops, nicolae_shop_overgrown_old_shop,
          uniq_eustachio, uniq_grinder
D:7:      serial_shops, shop_fountains, minivault_26, uniq_prince_ribbit1

Action                   |  1- 3 |  4- 6 || total
-------------------------+-------+-------++-------
Melee: Club              |     6 |       ||     6
       Dagger            |     6 |     8 ||    14
 Cast: Flame Tongue      |    44 |    18 ||    62
       Conjure Flame     |       |     3 ||     3
       Sticky Flame      |       |     6 ||     6
  Use: Scroll            |     5 |     6 ||    11
       Potion            |       |     1 ||     1
 Stab: Sleeping          |     5 |       ||     5
  Eat: Chunk             |       |     2 ||     2
